 Dungeon Crawl Stone Soup version 0.31-a0-331-geda263fcf1 (webtiles) character file.

Game seed: 3236558074411426781

55 mopl the Changeling (level 3, 0/25 HPs)
             Began as an Octopode Shapeshifter on July 19, 2023.
             Succumbed to an orc wizard's poison
             ... on level 3 of the Dungeon.
             The game lasted 00:01:56 (1226 turns).

mopl the Changeling (Octopode Shapeshifter)         Turns: 1226, Time: 00:01:57

Health: 0/25       AC:  3    Str: 12 (14) XL:     3   Next: 93%
Magic:  2/2        EV: 13    Int:  7 (10) God:
Gold:   33         SH:  0    Dex: 13 (14) Spells: 2/2 levels left

rFire   + .          .
                       - Unarmed
rCold   . . .        (no shield)
rNeg    . . .        (helmet currently unavailable)
rPois   .            (no amulet)
rElec   .            (no ring)
rCorr   .            (no ring)
SInv    .            (no ring)
Will    .....        (no ring)
Stlth   ++           (no ring)
HPRegen 0.24/turn    (no ring)
MPRegen 0.08/turn    (no ring)
                     (no ring)

%: no passive effects
@: confused, lethally poisoned (0 -> -3), beast-form
A: beast (slay +2), almost no armour, amphibious, 8 rings, camouflage 1,
gelatinous body 1, (nimble swimmer 1), tentacles, iridescent scales 1, fire
resistance 1, low MP 1
a: Begin Untransformation


You were on level 3 of the Dungeon.
You were a hulking beast.
You visited 1 branch of the dungeon, and saw 3 of its levels.

You collected 72 gold pieces.
You spent 39 gold pieces at shops.

Inventory:

Talismans
 b - a beast talisman
Scrolls
 c - 2 scrolls of revelation {unknown}
 d - a scroll of blinking {unknown}
 e - 2 scrolls of teleportation {unknown}
 f - a scroll of enchant armour {unknown}
 g - 2 scrolls of identify {unknown}
 k - a scroll of vulnerability {unknown}
 l - a scroll of amnesia {unknown}
Potions
 a - a potion of lignification {!q}
 j - a potion of enlightenment {unknown}


   Skills:
 + Level 2.3 Fighting
 + Level 2.3 Dodging
 * Level 2.9 Unarmed Combat
 * Level 3.4 Shapeshifting


You had 2 spell levels left.
You didn't know any spells.
Your spell library contained the following spells:

 Spells                   Type           Power      Damage    Failure   Level
 Sandblast                Erth           0%         2d4       43%         1
 Passwall                 Tmut/Erth      0%         N/A       56%         2
 Stone Arrow              Conj/Erth      0%         3d7       80%         3
 Volatile Blastmotes      Fire/Tloc      0%         2d10      80%         3
 Fulminant Prism          Conj/Hex       0%         3d5       99%         4
 Iskenderun's Mystic Bla  Conj/Tloc      0%         2d3       99%         4


Dungeon Overview and Level Annotations

Branches:
Dungeon (3/15)

Altars:

Shops:
D:1 ?   D:2 [[*=?


Innate Abilities, Weirdness & Mutations

You are a hulking beast.
Your limbs bulge with bestial killing power. (Slay +2)
You cannot wear most types of armour.
You are amphibious.
You can wear up to eight rings at the same time.
Your skin changes colour to match your surroundings (Stealth+).
Your rubbery body absorbs attacks. (AC +1, EV +1)
((You are camouflaged when in or above water. (Stealth+)))
You have tentacles for arms and can constrict up to eight enemies at once.
You are partially covered in iridescent scales. (AC +2)
Your flesh is heat resistant. (rF+)
Your magical capacity is low. (-10% MP)


Message History

You kill the orc!
No target in view!
You climb downwards.
The orc wizard points at you and mumbles some strange words.
The puff of flame misses you.
There is a stone staircase leading up here.
You tentacle-slap the orc wizard but do no damage.
You grab the orc wizard. You constrict the orc wizard.
The orc wizard hits you with a +2 dagger of venom.
You are poisoned.
You tentacle-slap the orc wizard.
The orc wizard is moderately wounded.
You constrict the orc wizard.
You feel very sick.
The orc wizard hits you with a +2 dagger of venom.
You tentacle-slap the orc wizard. Your squeeze misses the orc wizard.
The orc wizard is moderately wounded.
You constrict the orc wizard, but do no damage.
You feel sick. The orc wizard closely misses you.
You tentacle-slap the orc wizard.
The orc wizard is heavily wounded.
You constrict the orc wizard.
You feel sick.
The orc wizard gestures at you while chanting.
The puff of flame hits you!
* * * LOW HITPOINT WARNING * * *
You are too injured to fight recklessly!
It was a potion of degeneration.
There was something very wrong with that liquid.
You feel weakened.
You feel dopey.
You feel clumsy.
You constrict the orc wizard.
* * * LOW HITPOINT WARNING * * *
You feel sick. The orc wizard casts a spell at you.
You are confused.
It was a potion of mutation.
You feel extremely strange.
Iridescent scales grow over part of your body.
You feel less energetic.
You feel resistant to heat.
You constrict the orc wizard.
You kill the orc wizard!
You die...

.## .. .#
##.# #
#[.#
#.#[#
#.#.###.#
#..))..>#
###h#####
#.# ..#
####


There were no monsters in sight!

Vanquished Creatures
  An orc wizard (D:3)
  A worm (D:2)
  2 dart slugs (D:2)
  4 orcs
  8 ball pythons
  3 endoplasms (D:1)
  A giant cockroach (D:1)
  3 goblins
  5 hobgoblins
  3 kobolds
  A quokka (D:1)
  4 bats (D:1)
  A frilled lizard (D:1)
  4 rats (D:1)
41 creatures vanquished.

Notes
Turn   | Place    | Note
-------+----------+-------------------------------------------
     0 | D:1      | mopl the Octopode Shapeshifter began the quest for the Orb.
     0 | D:1      | Reached XP level 1. HP: 14/14 MP: 1/1
     0 | D:1      | Noticed a demigod
     2 | D:1      | Noticed a minotaur zombie
     6 | D:1      | Noticed an elf
    13 | D:1      | Noticed a demonspawn zombie
    13 | D:1      | Noticed a naga
    21 | D:1      | Noticed a gargoyle
   119 | D:1      | Reached XP level 2. HP: 15/19 MP: 2/2
   399 | D:1      | Found Nalum's Magic Scroll Shop.
   452 | D:1      | Reached XP level 3. HP: 17/24 MP: 3/3
   713 | D:2      | Found Nuqil's Jewellery Emporium.
   737 | D:2      | Found Asirauxt's Assorted Antiques.
   769 | D:2      | Bought a smoky sapphire potion for 18 gold pieces
   769 | D:2      | Bought a scroll labelled DUTWAC ULAHOR for 21 gold pieces
   836 | D:2      | Found Ytuk Wuo's Magic Scroll Emporium.
   924 | D:2      | Found Junoasm's Armour Shoppe.
   950 | D:2      | Found Luni's Armour Boutique.
  1225 | D:3      | HP: 1/25 [poisoned by an orc wizard]
  1226 | D:3      | Gained mutation: You are partially covered in iridescent
                  | scales. (AC +2) [potion of mutation]
  1226 | D:3      | Gained mutation: Your magical capacity is low. (-10% MP)
                  | [potion of mutation]
  1226 | D:3      | Gained mutation: Your flesh is heat resistant. (rF+)
                  | [potion of mutation]
  1226 | D:3      | Succumbed to an orc wizard's poison

Illustrated notes

Levels and vault maps discovered:
D:1:      shiori_arrival_whats_in_store_for_you, layout_basic, serial_shops,
          shop, ebering_dispersal_statue_hall
D:2:      layout_loops_cross, serial_shops, shop_statue, shop,
          nicolae_shop_advertising_works [nicolae_subvault_shop_adworks], shop,
          shop_fountains
D:3:      layout_loops_cross, mainiacjoe_overflow_brackets

Action                     || total
---------------------------++-------
  Melee: Unarmed           ||    68
         Constrict         ||    19
         Tentacles         ||    15
         Punch             ||     1
    Use: Potion            ||     2
   Stab: Sleeping          ||    18
 Armour: Skin              ||     1
  Dodge: Dodged            ||    34

Table legend: (Time is in decaauts)
 A = Elapsed time spent in this place.
 B = Non-inter-level travel time spent in this place.
 C = Inter-level travel time spent in this place.
 D = Time resting spent in this place.
 E = Time spent auto-exploring this place.
 F = Levels seen in this place.
 G = Mean time per level.
                   A        B        C        D        E       F      G
               +--------+--------+--------+--------+--------+-----+--------+
         Total |   1224 |   1174 |     50 |      0 |    933 |   3 |  408.0 |
       Dungeon |   1224 |   1174 |     50 |      0 |    933 |   3 |  408.0 |
               +--------+--------+--------+--------+--------+-----+--------+

Top non-repeatable levels by time:
     D:1: 659 daAuts
     D:2: 545 daAuts
     D:3: 19 daAuts
